Workbook
Name ___na1: '[1]ф-5 расчёт'!#REF!
Name ___na1: '[1]ф-5 расчёт'!#REF!
Name ___na1: '[1]ф-5 расчёт'!#REF!
Name __na1: #REF!
Name __na1: #REF!
Name __na2: #REF!
Name __na2: #REF!
Name __na3: #REF!
Name __na4: #REF!
Name __na5: #REF!
Name __na6: #REF!
Name __na7: #REF!
Name __na8: #REF!
Name _na1: #REF!
Name _na2: #REF!
Name _na3: #REF!
Name _na4: #REF!
Name _na5: #REF!
Name _na6: #REF!
Name _na7: #REF!
Name _na8: #REF!
Name a123457689: #REF!
Name a123457689: #REF!
Name a123457689: #REF!
Name at_10: #REF!
Name at_10: #REF!
Name bases: #REF!
Name bases: #REF!
Name bases1: '[1]ф-5 расчёт'!#REF!
Name bases1: '[1]ф-5 расчёт'!#REF!
Name bases2: #REF!
Name bases2: #REF!
Name bases3: #REF!
Name bases4: #REF!
Name bases5: #REF!
Name bases6: #REF!
Name bases7: #REF!
Name bases8: #REF!
Name Build: #REF!
Name Build1: '[1]ф-5 расчёт'!#REF!
Name Build2: #REF!
Name Build3: #REF!
Name Build4: #REF!
Name Build5: #REF!
Name Build6: #REF!
Name Build7: #REF!
Name Build8: #REF!
Name Data: '[2]1в'!#REF!
Name dlinna: #REF!
Name dlinna: #REF!
Name dlinna: #REF!
Name document_date: #REF!
Name document_date: #REF!
Name document_datу: #REF!
Name document_datу: #REF!
Name document_number: #REF!
Name expertiza: #REF!
Name expertiza_100: #REF!
Name gip: #REF!
Name hvv: #REF!

Sheet ОБЕКТНАЯ
B2: СВОДКА ОБЪЕМОВ И СТОИМОСТИ РАБОТ
A4: =расчёт!B24 -> НАМАНГАН ВИЛОЯТИ ПОП ИХТИСОСЛАШТИРИЛГАН ДАВЛАТ УРМОН ХУЖАЛИГИ "УРМОНЧИЛАР УЙИ" БИНОСИНИ ЖОРИЙ ТАЪМИРЛАШ
A5: N п.п. | B5: Наименование разделов | C5: Удельный показатель в % к итогу | E5: СУММА
A7: 1 | B7: 2 | C7: 3 | E7: 4
A8: 1 | B8: ОБЩЕСТРОИТЕЛЬНЫЕ РАБОТЫ | C8: 67.78 | D8: ='По объектная '!$T$8/1000 -> 444677.55 | E8: =D8*C8/100 -> 301402.45
A9: =A8+1 -> 2 | B9: ЛИФТ | C9: 2.76 | D9: ='По объектная '!$T$8/1000 -> 444677.55 | E9: =D9*C9/100 -> 12273.1
A10: =A9+1 -> 3 | B10: ОТОПЛЕНИЕ И ВЕНТИЛЯЦИЯ | C10: 3.5 | D10: ='По объектная '!$T$8/1000 -> 444677.55 | E10: =D10*C10/100 -> 15563.714
A11: =A10+1 -> 4 | B11: ВОДОПРОВОД И КАНАЛИЗАЦИЯ | C11: 1.12 | D11: ='По объектная '!$T$8/1000 -> 444677.55 | E11: =D11*C11/100 -> 4980.3886
A12: =A11+1 -> 5 | B12: ЭЛЕКТРОМОНТАЖНЫЕ РАБОТЫ | C12: 5.39 | D12: ='По объектная '!$T$8/1000 -> 444677.55 | E12: =D12*C12/100 -> 23968.12
A13: =A12+1 -> 6 | B13: СЛАБЫЕ ТОКИ | C13: 0.89 | D13: ='По объектная '!$T$8/1000 -> 444677.55 | E13: =D13*C13/100 -> 3957.6302
A14: =A13+1 -> 7 | B14: КПП | C14: 1.88 | D14: ='По объектная '!$T$8/1000 -> 444677.55 | E14: =D14*C14/100 -> 8359.938
A15: =A14+1 -> 8 | B15: ТЕПЛОВЫЕ СЕТИ | C15: 1.28 | D15: ='По объектная '!$T$8/1000 -> 444677.55 | E15: =D15*C15/100 -> 5691.8727
A16: =A15+1 -> 9 | B16: НАРУЖНЫЕ СЕТИ НВК | C16: 0.43 | D16: ='По объектная '!$T$8/1000 -> 444677.55 | E16: =D16*C16/100 -> 1912.1135
A17: =A16+1 -> 10 | B17: НАРУЖНЫЕ СЕТИ НЭС | C17: 2.02 | D17: ='По объектная '!$T$8/1000 -> 444677.55 | E17: =D17*C17/100 -> 8982.4866
A18: =A17+1 -> 11 | B18: ОГРАЖДЕНИЕ ТЕРРИТОРИИ | C18: 5.62 | D18: ='По объектная '!$T$8/1000 -> 444677.55 | E18: =D18*C18/100 -> 24990.878
A19: =A18+1 -> 12 | B19: БЛАГОУСТРОЙСТВО | C19: 5.14 | D19: ='По объектная '!$T$8/1000 -> 444677.55 | E19: =D19*C19/100 -> 22856.426
A20: =A19+1 -> 13 | B20: НОГИРОНЛИГИ БОР ШАХСЛАР УЧУН ШАРОИТ ЯРАТИШ | C20: 2.19 | D20: ='По объектная '!$T$8/1000 -> 444677.55 | E20: =D20*C20/100 -> 9738.4384
B21: ВСЕГО ПО СМЕТЕ: | C21: =SUM(C8:C20) -> 100 | E21: =SUM(E8:E20) -> 444677.55

Sheet расчёт
A1: Гип | D1: ='По объектная '!H13 -> О.ЮЛДАШЕВ
A2: Трудовые затраты | D2: ='По объектная '!D8 -> 2779.6878 | E2: ч/час
A3: Затртаты эксплуатации М/м | E3: м/час
A4: Затртаты эксплуатации М/м | D4: =F4/1000 -> 998.95968 | E4: сум | F4: ='По объектная '!E8 -> 998959.68
A5: Материалы | D5: =F5/1000 -> 233201.76 | E5: сум | F5: ='По объектная '!F8 -> 2.3320176e+08
A6: Кабельная продукция | D6: =F6/1000 -> 3452.5625 | E6: сум | F6: ='По объектная '!G8 -> 3452562.5
A7: оборудование | D7: =F7/1000 -> 9871.6039 | E7: сум | F7: ='По объектная '!H8 -> 9871603.9
A8: Транспортные затраты материалов | D8: ='По объектная '!J4 -> 0.05
A9: Транспортные затраты кабельной продукции | D9: ='По объектная '!K4 -> 0.015
A10: Транспортные затраты оборудования | D10: ='По объектная '!I4 -> 0.02
A11: перевозка грунта | D11: =F11/1000 -> 0
A12: К-т риска
C15: РЕСПУБЛИКА УЗБЕКИСТАН
B17: ОБЩЕСТВО С ОГРАНИЧЕННОЙ ОТВЕТСТВЕННОСТЬЮ «IMKON-S GROUP»
B23: РЕКОМЕНДУЕМАЯ СТАРТОВАЯ СТОИМОСТЬ
B24: НАМАНГАН ВИЛОЯТИ ПОП ИХТИСОСЛАШТИРИЛГАН ДАВЛАТ УРМОН ХУЖАЛИГИ "УРМОНЧИЛАР УЙИ" БИНОСИНИ ЖОРИЙ ТАЪМИРЛАШ
C32: ЗАКАЗЧИК:
B37: ЧАСТЬ ПРОЕКТА | D37: СМЕТНАЯ ЧАСТЬ
C44: КНИГА | F44: ТОМ
C46: ШИФР | F46: ЧАСТЬ
C48: АРХИВ
C55: Наш адрес:
D58: г.Наманган-2026 г.
C63: РЕСПУБЛИКА УЗБЕКИСТАН
B65: ОБЩЕСТВО С ОГРАНИЧЕННОЙ ОТВЕТСТВЕННОСТЬЮ «IMKON-S GROUP»
B71: РЕКОМЕНДУЕМАЯ СТАРТОВАЯ СТОИМОСТЬ
B72: =B24 -> НАМАНГАН ВИЛОЯТИ ПОП ИХТИСОСЛАШТИРИЛГАН ДАВЛАТ УРМОН ХУЖАЛИГИ "УРМОНЧИЛАР УЙИ" БИНОСИНИ ЖОРИЙ ТАЪМИРЛАШ
C76: ЗАКАЗЧИК:
B78: ЧАСТЬ ПРОЕКТА | D78: СМЕТНАЯ ЧАСТЬ
C81: КНИГА | F81: ТОМ
C83: ШИФР | F83: ЧАСТЬ
C85: АРХИВ
C90: Директор | G90: М.ЖАББОРОВ
C92: ГИП | G92: ='По объектная '!H13 -> О.ЮЛДАШЕВ
D106: =D58 -> г.Наманган-2026 г.
B109: ПОЯСНИТЕЛЬНАЯ ЗАПИСКА
A111: ОПРЕДЕЛЕНИЕ РЕКОМЕНУЕМОЙ СТАРТОВОЙ СТОИМОСТИ ОБЪЕКТА
C113: В ТЕКУЩИХ ЦЕНАХ
B115: Стоимость строительства определена в соответствии с Постановлением Кабинета
B116: Министров от 11.06.2003 года № 261 «О переходе на договорные текущие цены при реализации
B117: инвестиционных проектов, осуществляемых за счет централизованных капитальных вложений"
B118: и ШНК 4.01.16-09.
B119: Стоимость строительства объекта рассчитывается по ресурсному методу.
B120: Расчет стартовой стоимости в текущих ценах производится по формуле:
B122: С = (Со + См + Сзп + Сэм + Сп + Пп + Ср) х Кр, где:
B124: Со - затраты на оборудование, мебель и инвентарь
B125: См - затраты на строительные материалы, изделия и конструкции;
B126: Сзп - затраты на основную зарплату с учетом начислений на социальное страхование;
B127: Сэм - затраты на эксплуатацию машин и механизмов;
B128: Сп - прочие затраты производственного характера;
... B152: Средне часовая заработная плата строителей по региону в расчете на месяц,
B153: ="сог. каталог 2026 г за 1 квартал "&'По объектная '!L4&" сум чел/час" -> сог. каталог 2026 г за 1 квартал 25339,59 сум чел/час
B154: Трудозатраты определены в соответствие с ресурсной сметой в чел/час
B155: Всего заработная плата рабочих-строителей в текущих ценах с отчислениями
B156: на социальное страхование в размере - | F156: 0.12
B157: II. Затраты на эксплуатацию машин и механизмов
B159: Стоимость затрат на эксплуатацию машин и механизмов при определении стоимости
B160: строительства объекта принимается по текущим ценам исходя из нормативной
B161: потребности в машино-часах по ресурсной смете и среднесложившейся по региону
B162: цены машино-часа соответствующего вида машин по формуле:
C164: Сэм = Эм х Цпр,
B166: где:
B167: Эм - объем эксплуатации машин и механизмов в часах;
B168: Цпр - текущие цены на эксплуатацию машин и механизмов в час/сум.
B170: Стоимость затрат на эксплуатацию машин и механизмов определена в соответствии с ресурс-
B171: ной сметой согласно ШНК 4.01.16-09.
B173: III. Затраты на приобретение строительных материалов, изделий и конструкций
B175: Затраты на приобретение строительных материалов, изделий и контрукций определены на
B176: основе фактических показателей в соответствии с ресурсной сметы, разработаной в составе
B177: рабочего проекта с применением средних текущих цен на материально-технические ресурсы
B178: применяемые в строительном производстве Республики Узбекистан и в данном регионе, по
B179: формуле:
B180: См = См1 + См2 + СмЗ +...+ Смп, где:
... B194: Прочие затраты подрядчика.
B195: =" Приняты в размере "&'По объектная '!O4*100&" %." -> Приняты в размере 17,5 %.
B197: V. Прочие затрат заказчика
B199: Прочие затраты заказчика (Пзз) ( затраты на разработку проекта и экспертизу
B200: проекта, стоимость разработки рабочей документации и изыскательских работ, содержание
B201: технического и авторского надзора, затрат на отведения земель, выплаты компенсаций, про-
B202: ведения конкурсных торгов и т.п. ) в соответствии с данными заказчика и ШНК 4.01.16-09.
B204: VI. Транспортные и заготовительно-складские расходы
B206: =" Транспортные и заготовительно-складские расходы на материали "&'По объектная '!J4*100&"%, провод и кабелья "&'По объектная '!K4*100&" %" -> Транспортные и заготовительно-складские расходы на материали 5%, провод и кабелья 1,5 %
B207: оборудование 2%
B209: VII. Коэффициент риска
B211: Коэффициент риска принят согласно утвержденного предварительного технико-экономического
B212: расчета в размере _____ %.
B214: Все стоимости материалов, конструкций, оборудования,маш-час, чел-час согласованы,
B215: подтверждены заказчиком и приложены к сметной документации .
C217: Главный инженер проекта | G217: =D1 -> О.ЮЛДАШЕВ

Sheet По объектная 
A1: СВОДКА ЗАТРАТ
A2: =расчёт!B24 -> НАМАНГАН ВИЛОЯТИ ПОП ИХТИСОСЛАШТИРИЛГАН ДАВЛАТ УРМОН ХУЖАЛИГИ "УРМОНЧИЛАР УЙИ" БИНОСИНИ ЖОРИЙ ТАЪМИРЛАШ
A3: № | B3: Наименования объект | D3: Затраты труда, чел/ч. | E3: Эксплутация машин и механизмов | F3: Материалы | G3: Кабельная продукция | H3: Обору- дование | I3: Транспортные расходы на оборудование | J3: Транспортные расходы на материалы | K3: Транспортные расходы на кабельную продукцию | L3: Заработная плата | M3: Отчисление на соцстрах | N3: Итого Прямые затраты | O3: Прочие затраты подрядчика | P3: Всего | Q3: Страхование объекта | R3: Итого | S3: НДС | T3: Всего стоимость
I4: 0.02 | J4: 0.05 | K4: 0.015 | L4: 25339.59 | M4: 0.12 | O4: 0.175 | S4: 0.12
A6: =A5+1 -> 1 | B6: КУНДУЗГИ ШИФОХОНА ВА МАЖЛИСЛАР ЗАЛИ | C6: 202500100 | D6: =#REF! -> #REF! | E6: =#REF! -> #REF! | F6: =#REF! -> #REF! | G6: =#REF! -> #REF! | H6: =#REF! -> #REF! | I6: =H6*$I$4 -> #REF! | J6: =F6*$J$4 -> #REF! | K6: =G6*$K$4 -> #REF! | L6: =D6*$L$4 -> #REF! | M6: =L6*$M$4 -> #REF! | N6: =E6+F6+J6+L6+M6+K6+G6 -> #REF! | O6: =N6*$O$4 -> #REF! | P6: =O6+N6 -> #REF! | Q6: =(P6+H6+I6)*0.8*0.004 -> #REF! | R6: =Q6+P6+H6+I6 -> #REF! | S6: =R6*$S$4 -> #REF! | T6: =R6+S6 -> #REF! | U6: =T6-T8 -> #REF!
A7: 1 | B7: ОБЩЕСТРОИТЕЛЬНЫЕ РАБОТЫ | C7: 202600500 | D7: =Ресурс!F14 -> 2779.6878 | E7: =Ресурс!H39 -> 998959.68 | F7: =Ресурс!H234 -> 2.3320176e+08 | G7: =Ресурс!H239 -> 3452562.5 | H7: =Ресурс!H248 -> 9871603.9 | I7: =H7*$I$4 -> 197432.08 | J7: =F7*$J$4 -> 11660088 | K7: =G7*$K$4 -> 51788.438 | L7: =D7*$L$4 -> 70436150 | M7: =L7*$M$4 -> 8452338 | N7: =E7+F7+J7+L7+M7+K7+G7 -> 3.2825365e+08 | O7: =N7*$O$4 -> 57444389 | P7: =O7+N7 -> 3.8569804e+08 | Q7: =(P7+H7+I7)*0.8*0.004 -> 1266454.6 | R7: =Q7+P7+H7+I7 -> 3.9703353e+08 | S7: =R7*$S$4 -> 47644024 | T7: =R7+S7 -> 4.4467755e+08
B8: ВСЕГО | D8: =SUM(D7:D7) -> 2779.6878 | E8: =SUM(E7:E7) -> 998959.68 | F8: =SUM(F7:F7) -> 2.3320176e+08 | G8: =SUM(G7:G7) -> 3452562.5 | H8: =SUM(H7:H7) -> 9871603.9 | I8: =SUM(I7:I7) -> 197432.08 | J8: =SUM(J7:J7) -> 11660088 | K8: =SUM(K7:K7) -> 51788.438 | ... T8: =SUM(T7:T7) -> 4.4467755e+08
B11: Расчет составил | H11: И.АБДУКАДИРОВ
B13: Проверил | H13: О.ЮЛДАШЕВ

Sheet Сводка
A2: РЕКОМЕНДУЕМАЯ СТАРТОВАЯ СТОИМОСТЬ ОБЪЕКТА В ТЕКУЩИХ ЦЕНАХ
A4: =расчёт!B24 -> НАМАНГАН ВИЛОЯТИ ПОП ИХТИСОСЛАШТИРИЛГАН ДАВЛАТ УРМОН ХУЖАЛИГИ "УРМОНЧИЛАР УЙИ" БИНОСИНИ ЖОРИЙ ТАЪМИРЛАШ
A7: №№ ПП | B7: НАИМЕНОВАНИЕ ЗАТРАТ | C7: Цена (тыс.сум)
A10: 1 | B10: 2 | C10: 3
B12: Общая стоимость строительно-монтажных работ
A13: 1 | B13: ="Затраты на основную заработную плату "&'По объектная '!L4&" сум" -> Затраты на основную заработную плату 25339,59 сум
A14: 2 | B14: ="Начисление на социальное страхование 12%" -> Начисление на социальное страхование 12%
A15: =A13+1 -> 2 | B15: Затраты на эксплуатацию машин и механизмов
A16: =A15+1 -> 3 | B16: Затраты на строительные материалы и изделия
A17: =A16+1 -> 4 | B17: ="Транспортные расходы на материалы "&'По объектная '!J4*100&"%" -> Транспортные расходы на материалы 5%
A18: =A17+1 -> 5 | B18: Кабельная продукция
A19: =A18+1 -> 6 | B19: ="Транспортные расходы на кабельную продукцию "&'По объектная '!K4*100&"%" -> Транспортные расходы на кабельную продукцию 1,5%
A20: =A19+1 -> 7 | B20: ИТОГО ПРЯМЫЕ ЗАТРАТЫ
A21: =A20+1 -> 8 | B21: ="Прочие затраты и расходы подрядчика "&'По объектная '!O4*100&"%" -> Прочие затраты и расходы подрядчика 17,5%
A22: =A21+1 -> 9 | B22: ИТОГО
A23: =A22+1 -> 10 | B23: Затраты на оборудование, мебель и инвентарь
A24: =A23+1 -> 11 | B24: ="Транспортные расходы на оборудование "&'По объектная '!I4*100&"%" -> Транспортные расходы на оборудование 2%
A25: =A24+1 -> 12 | B25: ИТОГО
A26: =A25+1 -> 13 | B26: Прочие затраты производственного характера
A27: =A26+1 -> 14 | B27: Затраты на страхование строительства объектов 0,32%
A28: =A27+1 -> 15 | B28: Коэффициент риска
A29: =A28+1 -> 16 | B29: ИТОГО БЕЗ НДС
A30: =A29+1 -> 17 | B30: ="НДС "&'По объектная '!S4*100&"%" -> НДС 12%
A31: 18 | B31: ИТОГО стоимость строительства в текущих ценах с НДС | E31: =D31-C31 -> 0
A32: =A31+1 -> 19 | B32: Прочие затраты заказчика | C32: 0
A33: =A32+1 -> 20 | B33: ВСЕГО с прочими затратами заказчика | C33: =C32+C31 -> 0

Sheet Локал
F1: Форма N 5
B2: НАМАНГАН ВИЛОЯТИ ПОП ИХТИСОСЛАШТИРИЛГАН ДАВЛАТ УРМОН ХУЖАЛИГИ "УРМОНЧИЛАР УЙИ" БИНОСИНИ ЖОРИЙ ТАЪМИРЛАШ
B3: (наименование стройки)
C5: ЛОКАЛЬНАЯ РЕСУРСНАЯ ВЕДОМОСТЬ № | D5: 1
B6: (локальная ресурсная смета)
A8: на | B8: ОБЩЕСТРОИТЕЛЬНЫЕ РАБОТЫ,
B9: (наименование работ и затрат, наименование объекта)
A11: Основание: | C11: АЛЬБОМ
A12: N п.п. | B12: Шифр номера нормативов и коды ресурсов | C12: Наименование работ и затрат | D12: Единица измерения | E12: Количество
E13: на. ед. измерения | F13: по проектным данным
A14: 1 | B14: 2 | C14: 3 | D14: 4 | E14: 5 | F14: 6
A16: РАЗДЕЛ 1. РЕМОНТНО-СТРОИТЕЛЬНЫЕ РАБОТЫ
C17: ДЕМОНТАЖНЫЕ РАБОТЫ
A18: 1 | B18: Е58-017-04 | C18: РАЗБОРКА ПОКРЫТИЙ КРОВЕЛЬ: ИЗ ВОЛНИСТЫХ И ПОЛУВОЛНИСТЫХ АСБЕСТОЦЕМЕНТНЫХ ЛИСТОВ | D18: 100М2 | E18: 3.52
A19: 1.1 | B19: 1 | C19: ЗАТРАТЫ ТРУДА РАБОЧИХ-СТРОИТЕЛЕЙ | D19: ЧЕЛ.-Ч | E19: 24.39 | F19: 85.8528
A20: 1.2 | B20: 99999 | C20: СТРОИТЕЛЬНЫЙ МУСОР | D20: Т | E20: 1.45 | F20: 5.104
A21: 2 | B21: Е58-001-01 | C21: РАЗБОРКА: ОБРЕШЕТКИ ИЗ БРУСКОВ С ПРОЗОРАМИ | D21: 100М2 | E21: 3.52
A22: 2.1 | B22: 1 | C22: ЗАТРАТЫ ТРУДА РАБОЧИХ-СТРОИТЕЛЕЙ | D22: ЧЕЛ.-Ч | E22: 15.16 | F22: 53.3632
A23: 2.2 | B23: 99999 | C23: СТРОИТЕЛЬНЫЙ МУСОР | D23: Т | E23: 1.4 | F23: 4.928
A24: 3 | B24: Е56-009-05 ДОП. 5 | C24: ДЕМОНТАЖ ДВЕРНЫХ КОРОБОК В КАМЕННЫХ СТЕНАХ: С ОТБИВКОЙ ШТУКАТУРКИ В ОТКОСАХ | D24: 100ШТ | E24: 0.225
A25: 3.1 | B25: 1 | C25: ЗАТРАТЫ ТРУДА РАБОЧИХ-СТРОИТЕЛЕЙ | D25: ЧЕЛ.-Ч | E25: 180.89 | F25: 40.7003
A26: 3.2 | B26: 2831 | C26: МОЛОТКИ ОТБОЙНЫЕ ЭЛЕКТРИЧЕСКИЕ | D26: МАШ.-Ч | E26: 9.52 | F26: 2.142
A27: 3.3 | B27: 99999 | C27: СТРОИТЕЛЬНЫЙ МУСОР | D27: Т | E27: 10.5 | F27: 2.3625
A28: 4 | B28: Е56-001-04 ДОП. 5 | C28: ДЕМОНТАЖ ОКОННЫХ КОРОБОК: В КАМЕННЫХ СТЕНАХ С ОТБИВКОЙ ШТУКАТУРКИ В ОТКОСАХ | D28: 100ШТ | E28: 0.2
A29: 4.1 | B29: 1 | C29: ЗАТРАТЫ ТРУДА РАБОЧИХ-СТРОИТЕЛЕЙ | D29: ЧЕЛ.-Ч | E29: 129.29 | F29: 25.858
A30: 4.2 | B30: 2831 | C30: МОЛОТКИ ОТБОЙНЫЕ ЭЛЕКТРИЧЕСКИЕ | D30: МАШ.-Ч | E30: 3.45 | F30: 0.69
A31: 4.3 | B31: 99999 | C31: СТРОИТЕЛЬНЫЙ МУСОР | D31: Т | E31: 10.66 | F31: 2.132
A32: 5 | B32: Е56-002-02 | C32: СНЯТИЕ ВИТРАЖЕЙ: ОСТЕКЛЕННЫХ | D32: 100М2 | E32: 0.1485
A33: 5.1 | B33: 1 | C33: ЗАТРАТЫ ТРУДА РАБОЧИХ-СТРОИТЕЛЕЙ | D33: ЧЕЛ.-Ч | E33: 46.11 | F33: 6.8473
A34: 5.2 | B34: 99999 | C34: СТРОИТЕЛЬНЫЙ МУСОР | D34: Т | E34: 3.42 | F34: 0.50787
A35: 6 | B35: Е57-002-03 | C35: РАЗБОРКА ПОКРЫТИЙ ПОЛОВ: ИЗ КЕРАМИЧЕСКИХ ПЛИТОК | D35: 100М2 | E35: 0.225
A36: 6.1 | B36: 1 | C36: ЗАТРАТЫ ТРУДА РАБОЧИХ-СТРОИТЕЛЕЙ | D36: ЧЕЛ.-Ч | E36: 69.87 | F36: 15.7208
A37: 6.2 | B37: 99999 | C37: СТРОИТЕЛЬНЫЙ МУСОР | D37: Т | E37: 5.2 | F37: 1.17
A38: 7 | B38: Е57-002-01 | C38: РАЗБОРКА ПОКРЫТИЙ ПОЛОВ: ИЗ ЛИНОЛЕУМА И РЕЛИНА | D38: 100М2 | E38: 1.2352
A39: 7.1 | B39: 1 | C39: ЗАТРАТЫ ТРУДА РАБОЧИХ-СТРОИТЕЛЕЙ | D39: ЧЕЛ.-Ч | E39: 11.39 | F39: 14.0695
A40: 7.2 | B40: 99999 | C40: СТРОИТЕЛЬНЫЙ МУСОР | D40: Т | E40: 0.47 | F40: 0.580568
A41: 8 | B41: Е63-007-10 ДОП. 6 | C41: РАЗБОРКА ОБЛИЦОВКИ СТЕН ИЗ ПЛИТ И ПЛИТОК: КЕРАМИЧЕСКИХ ГЛАЗУРОВАННЫХ ПЛИТОК | D41: 100М2 | E41: 0.373
A42: 8.1 | B42: 1 | C42: ЗАТРАТЫ ТРУДА РАБОЧИХ-СТРОИТЕЛЕЙ | D42: ЧЕЛ.-Ч | E42: 78.1 | F42: 29.1313
A43: 8.2 | B43: 2831 | C43: МОЛОТКИ ОТБОЙНЫЕ ЭЛЕКТРИЧЕСКИЕ | D43: МАШ.-Ч | E43: 3.94 | F43: 1.4696
A44: 9 | B44: Е53-001-01 | C44: РАЗБОРКА ОБШИВКИ: НЕОШТУКАТУРЕННОЙ | D44: 100М2 | E44: 0.67375
A45: 9.1 | B45: 1 | C45: ЗАТРАТЫ ТРУДА РАБОЧИХ-СТРОИТЕЛЕЙ | D45: ЧЕЛ.-Ч | E45: 12.3 | F45: 8.2871
A46: 9.2 | B46: 99999 | C46: СТРОИТЕЛЬНЫЙ МУСОР | D46: Т | E46: 0.94 | F46: 0.633325
A47: 10 | B47: Е59-004-01 | C47: РАЗБОРКА ПОРУЧНЕЙ ДЕРЕВЯННЫХ ПРЯМОЙ ЧАСТИ | D47: 100М | E47: 0.13
A48: 10.1 | B48: 1 | C48: ЗАТРАТЫ ТРУДА РАБОЧИХ-СТРОИТЕЛЕЙ | D48: ЧЕЛ.-Ч | E48: 13.25 | F48: 1.7225
A49: 10.2 | B49: 99999 | C49: СТРОИТЕЛЬНЫЙ МУСОР | D49: Т | E49: 0.14 | F49: 0.0182
C50: КРОВЛЯ
A51: 11 | B51: Е1001-010-01 | C51: УСТАНОВКА ЭЛЕМЕНТОВ КАРКАСА ОБРЕШЕТКА | D51: М3 ДРЕВЕСИНЫ В КОНСТРУКЦИИ | E51: 1.55
A52: 11.1 | B52: 1 | C52: ЗАТРАТЫ ТРУДА РАБОЧИХ-СТРОИТЕЛЕЙ | D52: ЧЕЛ.-Ч | E52: 22.5 | F52: 34.875
A53: 11.2 | B53: 521 | C53: ДРЕЛИ ЭЛЕКТРИЧЕСКИЕ | D53: МАШ.-Ч | E53: 0.23 | F53: 0.3565
A54: 11.3 | B54: 1556 | C54: БЕНЗОПИЛЫ | D54: МАШ.-Ч | E54: 0.33 | F54: 0.5115
A55: 11.4 | B55: 30322 | C55: БОЛТЫ СТРОИТЕЛЬНЫЕ С ГАЙКАМИ И ШАЙБАМИ | D55: Т | E55: 0.0075 | F55: 0.011625
A56: 11.5 | B56: 30407 | C56: ГВОЗДИ СТРОИТЕЛЬНЫЕ | D56: Т | E56: 0.003 | F56: 0.00465
A57: 11.6 | B57: 31929 | C57: ТОЛЬ С КРУПНОЗЕРНИСТОЙ ПОСЫПКОЙ ГИДРОИЗОЛЯЦИОННЫЙ МАРКИ ТГ-350 | D57: М2 | E57: 1.45 | F57: 2.2475
A58: 11.7 | B58: 36028 | C58: БРУСКИ ОБРЕЗНЫЕ ХВОЙНЫХ ПОРОД ДЛИНОЙ 4-6,5 М, ШИРИНОЙ 75-150 ММ, ТОЛЩИНОЙ 100, 125 ММ, II СОРТА | D58: М3 | E58: 0.93 | F58: 1.4415
A59: 11.8 | B59: 36060 | C59: ДОСКИ ОБРЕЗНЫЕ ХВОЙНЫХ ПОРОД ДЛИНОЙ 4-6,5 М, ШИРИНОЙ 75-150 ММ, ТОЛЩИНОЙ 44 ММ И БОЛЕЕ, II СОРТА | D59: М3 | E59: 0.12 | F59: 0.186
A60: 11.9 | B60: 36077 | C60: ДОСКИ НЕОБРЕЗНЫЕ ДЛИНОЙ 4-6,5 М, ВСЕ ШИРИНЫ, ТОЛЩИНОЙ 32-40 ММ III СОРТА | D60: М3 | E60: 0.01 | F60: 0.0155
A61: 12 | B61: Е1001-083-05 | C61: УСТРОЙСТВО ПО ФЕРМАМ НАСТИЛА РАБОЧЕГО ТОЛЩИНОЙ 40 ММ СПЛОШНОГО | D61: 100М2 ПОКРЫТИЯ | E61: 0.53
A62: 12.1 | B62: 1 | C62: ЗАТРАТЫ ТРУДА РАБОЧИХ-СТРОИТЕЛЕЙ | D62: ЧЕЛ.-Ч | E62: 31.07 | F62: 16.4671
A63: 12.2 | B63: 30407 | C63: ГВОЗДИ СТРОИТЕЛЬНЫЕ | D63: Т | E63: 0.014 | F63: 0.00742
A64: 12.3 | B64: 36057 | C64: ПИЛОМАТЕРИАЛЫ ХВОЙНЫХ ПОРОД ДОСКИ ОБРЕЗНЫЕ ДЛИНОЙ 4-6,5 М, ШИРИНОЙ 75-150 ММ, ТОЛЩИНОЙ 32-40 ММ III СОРТА | D64: М3 | E64: 4.2 | F64: 2.226
A65: 13 | B65: Е1001-003-01 | C65: УСТРОЙСТВО СЛУХОВЫХ ОКОН | D65: СЛУХОВОЕ ОКНО | E65: 5
A66: 13.1 | B66: 1 | C66: ЗАТРАТЫ ТРУДА РАБОЧИХ-СТРОИТЕЛЕЙ | D66: ЧЕЛ.-Ч | E66: 6.63 | F66: 33.15
A67: 13.2 | B67: 3 | C67: ЗАТРАТЫ ТРУДА МАШИНИСТОВ | D67: ЧЕЛ.-Ч | E67: 0.11 | F67: 0.55
A68: 13.3 | B68: 762 | C68: КРАНЫ НА АВТОМОБИЛЬНОМ ХОДУ ПРИ РАБОТЕ НА ДРУГИХ ВИДАХ СТРОИТЕЛЬСТВА 10 Т | D68: МАШ.-Ч | E68: 0.11 | F68: 0.55
A69: 13.4 | B69: 1523 | C69: ПИЛЫ ДИСКОВЫЕ ЭЛЕКТРИЧЕСКИЕ | D69: МАШ.-Ч | E69: 0.16 | F69: 0.8
A70: 13.5 | B70: 30407 | C70: ГВОЗДИ СТРОИТЕЛЬНЫЕ | D70: Т | E70: 0.0014 | F70: 0.007
A71: 13.6 | B71: 36010 | C71: ЛЕСОМАТЕРИАЛЫ КРУГЛЫЕ ХВОЙНЫХ ПОРОД. ЛЕСОМАТЕРИАЛЫ ДЛЯ ВЫРАБОТКИ ПИЛОМАТЕРИАЛОВ И ЗАГОТОВОК (ПЛАСТИНЫ) ТОЛЩИНОЙ 20-24 СМ II СОРТА | D71: М3 | E71: 0.06 | F71: 0.3
A72: 13.7 | B72: 36049 | C72: ПИЛОМАТЕРИАЛЫ ХВОЙНЫХ ПОРОД ДОСКИ ОБРЕЗНЫЕ ДЛИНОЙ 4-6,5 М, ШИРИНОЙ 75-150 ММ, ТОЛЩИНОЙ 19-22 ММ III СОРТА | D72: М3 | E72: 0.06 | F72: 0.3
A73: 13.8 | B73: 36061 | C73: ДОСКИ ОБРЕЗНЫЕ ХВОЙНЫХ ПОРОД ДЛИНОЙ 4-6,5 М, ШИРИНОЙ 75-150 ММ, ТОЛЩИНОЙ 44 ММ И БОЛЕЕ, III СОРТА | D73: М3 | E73: 0.1 | F73: 0.5
A74: 13.9 | B74: 44330 | C74: ПЕРЕПЛЕТЫ ОКОННЫЕ ДЛЯ ЖИЛЫХ ЗДАНИЙ | D74: М2 | E74: 0.5 | F74: 2.5
A75: 14 | B75: Е1001-010-01 | C75: УСТАНОВКА ЭЛЕМЕНТОВ ДЕРЕВЯННОЙ СТРЕМЯНКИ ДС-1 | D75: М3 ДРЕВЕСИНЫ В КОНСТРУКЦИИ | E75: 4.7679
A76: 14.1 | B76: 1 | C76: ЗАТРАТЫ ТРУДА РАБОЧИХ-СТРОИТЕЛЕЙ | D76: ЧЕЛ.-Ч | E76: 22.5 | F76: 107.2772
A77: 14.2 | B77: 521 | C77: ДРЕЛИ ЭЛЕКТРИЧЕСКИЕ | D77: МАШ.-Ч | E77: 0.23 | F77: 1.0966
A78: 14.3 | B78: 1556 | C78: БЕНЗОПИЛЫ | D78: МАШ.-Ч | E78: 0.33 | F78: 1.5734
A79: 14.4 | B79: 30322 | C79: БОЛТЫ СТРОИТЕЛЬНЫЕ С ГАЙКАМИ И ШАЙБАМИ | D79: Т | E79: 0.0075 | F79: 0.035759
A80: 14.5 | B80: 30407 | C80: ГВОЗДИ СТРОИТЕЛЬНЫЕ | D80: Т | E80: 0.003 | F80: 0.014304
A81: 14.6 | B81: 31929 | C81: ТОЛЬ С КРУПНОЗЕРНИСТОЙ ПОСЫПКОЙ ГИДРОИЗОЛЯЦИОННЫЙ МАРКИ ТГ-350 | D81: М2 | E81: 1.45 | F81: 6.9134
A82: 14.7 | B82: 36028 | C82: БРУСКИ ОБРЕЗНЫЕ ХВОЙНЫХ ПОРОД ДЛИНОЙ 4-6,5 М, ШИРИНОЙ 75-150 ММ, ТОЛЩИНОЙ 100, 125 ММ, II СОРТА | D82: М3 | E82: 0.93 | F82: 4.4341
A83: 14.8 | B83: 36060 | C83: ДОСКИ ОБРЕЗНЫЕ ХВОЙНЫХ ПОРОД ДЛИНОЙ 4-6,5 М, ШИРИНОЙ 75-150 ММ, ТОЛЩИНОЙ 44 ММ И БОЛЕЕ, II СОРТА | D83: М3 | E83: 0.12 | F83: 0.572145
A84: 14.9 | B84: 36077 | C84: ДОСКИ НЕОБРЕЗНЫЕ ДЛИНОЙ 4-6,5 М, ВСЕ ШИРИНЫ, ТОЛЩИНОЙ 32-40 ММ III СОРТА | D84: М3 | E84: 0.01 | F84: 0.047679
A85: 15 | B85: Е1203-004-01 МИНСТРОЙ РУЗ 05.01.21 N 3 | C85: УСТРОЙСТВО КРОВЛИ ИЗ МЕТАЛЛОЧЕРЕПИЦЫ, ПРОФНАСТИЛА ТРАПЕЦИЕВИДНОГО И СИНУСОВИДНОГО ПРОФИЛЯ, С ПОКРЫТИЕМ ПО ГОТОВЫМ ПРОГОНАМ: ПРОСТОЙ | D85: 100 М2 КРОВЛИ | E85: 3.52
A86: 15.1 | B86: 1 | C86: ЗАТРАТЫ ТРУДА РАБОЧИХ-СТРОИТЕЛЕЙ | D86: ЧЕЛ.-Ч | E86: 38.53 | F86: 135.6256
A87: 15.2 | B87: 3 | C87: ЗАТРАТЫ ТРУДА МАШИНИСТОВ | D87: ЧЕЛ.-Ч | E87: 0.79 | F87: 2.7808
A88: 15.3 | B88: 521 | C88: ДРЕЛИ ЭЛЕКТРИЧЕСКИЕ | D88: МАШ.-Ч | E88: 2.41 | F88: 8.4832
A89: 15.4 | B89: 762 | C89: КРАНЫ НА АВТОМОБИЛЬНОМ ХОДУ ПРИ РАБОТЕ НА ДРУГИХ ВИДАХ СТРОИТЕЛЬСТВА 10 Т | D89: МАШ.-Ч | E89: 0.79 | F89: 2.7808
A90: 15.5 | B90: 30818 | C90: ВИНТЫ САМОНАРЕЗАЮЩИЕ С УПЛОТНИТЕЛЬНОЙ ПРОКЛАДКОЙ 4,8X35 | D90: ШТ | E90: 645 | F90: 2270.4
A91: 15.6 | B91: 30819 | C91: ВИНТЫ САМОНАРЕЗАЮЩИЕ С УПЛОТНИТЕЛЬНОЙ ПРОКЛАДКОЙ 4,8X80 | D91: ШТ | E91: 81 | F91: 285.12
A92: 16 | B92: МАТ | C92: ПРОФНАСТИЛ ТОЛЩ. 0,5 ММ | D92: М2 | E92: 387.2
A93: 17 | B93: Е1201-009-02 МИНСТРОЙ РУЗ 05.01.21 N 3 | C93: УСТРОЙСТВО ЖЕЛОБОВ ПОДВЕСНЫХ | D93: 100М | E93: 0.875
A94: 17.1 | B94: 1 | C94: ЗАТРАТЫ ТРУДА РАБОЧИХ-СТРОИТЕЛЕЙ | D94: ЧЕЛ.-Ч | E94: 31.41 | F94: 27.4838
A95: 17.2 | B95: 30383 | C95: ГВОЗДИ ПРОВОЛОЧНЫЕ ОЦИНКОВАННЫЕ ДЛЯ АСБЕСТОЦЕМЕНТНОЙ КРОВЛИ 4,5Х120 ММ | D95: Т | E95: 0.0038 | F95: 0.003325
A96: 18 | B96: МАТ | C96: АКСЕССУАРЫ КРОВЛИ: ВОДОСТОЧНАЯ ЛОТОК | D96: М | E96: 87.5
A97: 19 | B97: Е1201-008-03 МИНСТРОЙ РУЗ 05.01.21 N 3 | C97: НАВЕСКА ВОДОСТОЧНЫХ ТРУБ ПО СТЕНАМ ИЗ КИРПИЧА ИЛИ ЛЕГКОГО БЕТОНА, ДИАМЕТРОМ ДО: 140 ММ | D97: 100М ТРУБ | E97: 0.5525
A98: 19.1 | B98: 1 | C98: ЗАТРАТЫ ТРУДА РАБОЧИХ-СТРОИТЕЛЕЙ | D98: ЧЕЛ.-Ч | E98: 38.4 | F98: 21.216
A99: 19.2 | B99: 32507 | C99: ПОКОВКИ ОЦИНКОВАННЫЕ МАССОЙ 2,825 КГ | D99: Т | E99: 0.095 | F99: 0.052487
A100: 19.3 | B100: 32522 | C100: ПРОВОЛОКА КАНАТНАЯ ОЦИНКОВАННАЯ ДИАМЕТРОМ 3 ММ | D100: Т | E100: 0.0003 | F100: 0.000166
A101: 19.4 | B101: 47801 | C101: ТРУБЫ ВОДОСТОЧНЫЕ | D101: М | E101: 113 | F101: 62.4325
A102: 20 | B102: МАТ | C102: АКСЕССУАРЫ КРОВЛИ: КОЛЕНО ВОДОСТОЧНОЕ | D102: ШТ | E102: 37.5
A103: 21 | B103: МАТ | C103: АКСЕССУАРЫ КРОВЛИ: СНЕГОЗАДЕРЖАТЕЛЬ | D103: М | E103: 72.5
A104: 22 | B104: Е1201-010-01 МИНСТРОЙ РУЗ 05.01.21 N 3 | C104: УСТРОЙСТВО МЕЛКИХ ПОКРЫТИЙ [БРАНДМАУЭРЫ, ПАРАПЕТЫ, СВЕСЫ И Т.П.] ИЗ ЛИСТОВОЙ ОЦИНКОВАННОЙ СТАЛИ | D104: 100М2 | E104: 0.265
...

Sheet Ресурс
A1: Наименование стройки - | D1: НАМАНГАН ВИЛОЯТИ ПОП ИХТИСОСЛАШТИРИЛГАН ДАВЛАТ УРМОН ХУЖАЛИГИ "УРМОНЧИЛАР УЙИ" БИНОСИНИ ЖОРИЙ ТАЪМИРЛАШ
A2: ВЕДОМОСТЬ ПОТРЕБНЫХ РЕСУРСОВ № 1
A3: Объект -
A4: на | B4: ОБЩЕСТРОИТЕЛЬНЫЕ РАБОТЫ
A5: Основание: | C5: АЛЬБОМ
A6: Составлена В ТЕКУЩИХ ЦЕНАХ
A8: N п/п | B8: Шифр (обоснование) | C8: Код АВС | D8: Наименование ресурса | E8: Единица измерения | F8: Сметная потребность | G8: Сметная стоимость, СУМ
G9: в текущем уровне
G10: единицы | H10: всего
A11: 1 | B11: 2 | C11: 3 | D11: 4 | E11: 5 | F11: 6 | G11: 7 | H11: 8
A13: Затраты труда
A14: 1. | C14: 1 | D14: Затраты труда рабочих-строителей | E14: чел.-ч | F14: 2779.6878 | G14: 25339.59 | H14: =G14*F14 -> 70436150
A15: 2. | C15: 3 | D15: Затраты труда машинистов | E15: чел.-ч | F15: 4.25491 | G15: 0 | H15: =G15*F15 -> 0
D16: Итого по трудовым ресурсам | E16: СУМ | H16: =SUM(H14:H15) -> 70436150
A18: Строительные машины и механизмы
A19: 1. | C19: 83 | D19: Агрегаты для приготовления рабочих жидкостей-ядохимикатов (без трактора) | E19: маш.-ч | F19: 0.093 | G19: 0 | H19: =G19*F19 -> 0
A20: 2. | C20: 404 | D20: Вибраторы поверхностные | E20: маш.-ч | F20: 44.08658 | G20: 1034 | H20: =G20*F20 -> 45585.524
A21: 3. | C21: 521 | D21: Дрели электрические | E21: маш.-ч | F21: 103.59378 | G21: 1528 | H21: =G21*F21 -> 158291.3
A22: 4. | C22: 762 | D22: Краны на автомобильном ходу при работе на других видах строительства 10 т | E22: маш.-ч | F22: 3.3658 | G22: 0 | H22: =G22*F22 -> 0
A23: 5. | C23: 913 | D23: Котлы битумные передвижные 400 л | E23: маш.-ч | F23: 0.5070175 | G23: 6566 | H23: =G23*F23 -> 3329.0769
A24: 6. | C24: 1041 | D24: Шуруповерты | E24: маш.-ч | F24: 8.27115 | G24: 1329 | H24: =G24*F24 -> 10992.358
A25: 7. | C25: 1383 | D25: Установки для изготовления бандажей, диафрагм, пряжек | E25: маш.-ч | F25: 0.4947 | G25: 0 | H25: =G25*F25 -> 0
A26: 8. | C26: 1385 | D26: Установки для заготовки защитных покрытий тепловой изоляции | E26: маш.-ч | F26: 0.7365 | G26: 0 | H26: =G26*F26 -> 0
A27: 9. | C27: 1523 | D27: Пилы дисковые электрические | E27: маш.-ч | F27: 283.46368 | G27: 1431 | H27: =G27*F27 -> 405636.52
A28: 10. | C28: 1556 | D28: Бензопилы | E28: маш.-ч | F28: 2.0848987 | G28: 2322 | H28: =G28*F28 -> 4841.1349
A29: 11. | C29: 1609 | D29: Растворонасосы 1 м3/ч | E29: маш.-ч | F29: 0.084475 | G29: 29354 | H29: =G29*F29 -> 2479.6791
A30: 12. | C30: 1702 | D30: Станок камнерезный универсальный | E30: маш.-ч | F30: 0.181545 | G30: 41451 | H30: =G30*F30 -> 7525.2218
... A38: 20. | C38: 3364 | D38: Сварочные аппараты ручные для сварки пластиковых труб | E38: маш.-ч | F38: 13.3052 | G38: 2608 | H38: =G38*F38 -> 34699.962
D39: Итого по строительным машинам | E39: СУМ | H39: =SUM(H19:H38) -> 998959.68
A41: Строительные материалы, изделия и детали
A42: 1. | C42: 9219 | D42: Вода | E42: м3 | F42: 10.693527 | G42: 0 | H42: =G42*F42 -> 0
A43: 2. | C43: 9219 | D43: Вода | E43: м3 | F43: 1.635 | G43: 0 | H43: =G43*F43 -> 0
A44: 3. | C44: 12138 | D44: Раствор цементно-известковый 1:1:6 | E44: м3 | F44: 0.83592 | G44: 264286 | H44: =G44*F44 -> 220921.95
A45: 4. | C45: 12146 | D45: Раствор готовый отделочный тяжелый, известковый: 1:2,0 | E45: м3 | F45: 0.02974125 | G45: 264286 | H45: =G45*F45 -> 7860.196
A46: 5. | C46: 12182 | D46: Раствор цементно-песчаный М-150 | E46: м3 | F46: 10.10118 | G46: 416964 | H46: =G46*F46 -> 4211828.4
A47: 6. | C47: 12373 | D47: Смесь сухая гипсовая | E47: т | F47: 0.3949491 | G47: 1475000 | H47: =G47*F47 -> 582549.92
A48: 7. | C48: 18062 | D48: Плиты мраморные | E48: м2 | F48: 7.41 | G48: 65500 | H48: =G48*F48 -> 485355
A49: 8. | C49: 29840 | D49: Уголок наружный для пластикового плинтуса | E49: шт | F49: 28.805 | G49: 200 | H49: =G49*F49 -> 5761
A50: 9. | C50: 29841 | D50: Уголок внутренний для пластикового плинтуса | E50: шт | F50: 28.805 | G50: 200 | H50: =G50*F50 -> 5761
A51: 10. | C51: 29842 | D51: Соединитель для пластикового плинтуса | E51: шт | F51: 164.6 | G51: 200 | H51: =G51*F51 -> 32920
A52: 11. | C52: 29843 | D52: Заглушка торцевая для пластикового плинтуса | E52: шт | F52: 65.84 | G52: 200 | H52: =G52*F52 -> 13168
A53: 12. | C53: 30317 | D53: Болты анкерные | E53: т | F53: 0.0014 | G53: 14464000 | H53: =G53*F53 -> 20249.6
... A154: 113. | C154: 460483 | D154: Лист гипсокартонный ГСП А ПЛУК 1200x2500x9,5мм | E154: м2 | F154: 221.697 | G154: 16250 | H154: =G154*F154 -> 3602576.2
A155: 1. | B155: ТМАТ | D155: Аксессуары кровли: Водосточная лоток | E155: м | F155: 87.5 | G155: 19643 | H155: =G155*F155 -> 1718762.5
A156: 2. | B156: ТМАТ | D156: Профнастил толщ. 0,5 мм | E156: м2 | F156: 387.2 | G156: 64286 | H156: =G156*F156 -> 24891539
A157: 3. | B157: ТМАТ | D157: Коробка полиэтиленовая для установки выключателей, переключателей по ГОСТ 7397-76 и штепсельных розеток по ГОСТ 7396-76 при выполнении скрытой электропроводки, тип Л48УХЛЗ | E157: 1000ШТ | F157: 0.019 | G157: 900000 | H157: =G157*F157 -> 17100
A158: 4. | B158: ТМАТ | D158: Коробки ответвительные пластмассовые, степень защиты 1р31, для соединения, протяжки и ответвления проводов сечением до 4 мм2 или скрытых и открытых электропроводок: диаметром 80 мм, высотой 20 мм, тип У194 УХЛ2 | E158: 1000шт | F158: 0.01 | G158: 900000 | H158: =G158*F158 -> 9000
A159: 5. | B159: ТМАТ | D159: Розетка штепсельная с зазем. контактами | E159: шт | F159: 9 | G159: 12768 | H159: =G159*F159 -> 114912
A160: 6. | B160: ТМАТ | D160: Выключатель одноклавишный | E160: шт | F160: 10 | G160: 12768 | H160: =G160*F160 -> 127680
A161: 7. | B161: ТМАТ | D161: Светильник LED 18W круглый герметичный | E161: шт | F161: 6 | G161: 40179 | H161: =G161*F161 -> 241074
A162: 8. | B162: ТМАТ | D162: Светильник LED 24W квадратный с датчиком движения | E162: шт | F162: 4 | G162: 133482 | H162: =G162*F162 -> 533928
A163: 9. | B163: ТМАТ | D163: Светельник LED 48W квадратный | E163: шт | F163: 4 | G163: 138393 | H163: =G163*F163 -> 553572
A164: 10. | B164: ТМАТ | D164: Термостатическый смесительный клапан G 3/4" | E164: шт | F164: 1 | G164: 69643 | H164: =G164*F164 -> 69643
A165: 11. | B165: ТМАТ | D165: Асбест шнур д.6 мм | E165: м | F165: 49 | G165: 800 | H165: =G165*F165 -> 39200
A166: 12. | B166: ТМАТ | D166: Гильза из стальных труб д. 32х2,0 мм, L±0,3 м | E166: м | F166: 10.5 | G166: 16170 | H166: =G166*F166 -> 169785
... A233: 79. | B233: ТМАТ | D233: Аксессуары кровли: Колено водосточное | E233: шт | F233: 37.5 | G233: 19643 | H233: =G233*F233 -> 736612.5
D234: Итого по материальным ресурсам | E234: СУМ | H234: =SUM(H42:H233) -> 2.3320176e+08
A236: Кабельная продукция
A237: 1. | B237: ТКАБЕЛЬ | D237: Кабели силовые с медными жилами с изоляцией из негорючего ПВХ на напряжение до 0,66 кв ВВГнг(А) 3х1,5 | E237: 1000м | F237: 0.11 | G237: 11990179 | H237: =G237*F237 -> 1318919.7
A238: 2. | B238: ТКАБЕЛЬ | D238: Кабели силовые с медными жилами с изоляцией из негорючего ПВХ на напряжение до 0,66 кв ВВГнг(А) 3х2,5 | E238: 1000м | F238: 0.12 | G238: 17780357 | H238: =G238*F238 -> 2133642.8
D239: Итого по кабельной продукции | E239: СУМ | H239: =SUM(H237:H238) -> 3452562.5
A241: Оборудование
A242: 1. | B242: ТОБОРУД | D242: ВА47-63-4Р-32А-1шт в пластиковом боксе ЩРВ-П-4 | E242: комп | F242: 1 | G242: 165982 | H242: =G242*F242 -> 165982
A243: 2. | B243: ТОБОРУД | D243: Электрический котел настенный одноконтурный 12 кВт | E243: комп | F243: 1 | G243: 5119642.9 | H243: =G243*F243 -> 5119642.9
A244: 3. | B244: ТОБОРУД | D244: Солнечный коллектор KAIROS THERMO HF 100-1 TR в комплекте с тэном на N±1.5кВт и баком на 100 л | E244: комп | F244: 1 | G244: 2946429 | H244: =G244*F244 -> 2946429
A245: 4. | B245: ТОБОРУД | D245: Щит осветительный на вводе ВА47-100-3Р-40А-1шт. на отх. ВА47-63-1Р-10А-5шт, ВА47-63-1Р-16А-5шт, дифавтомат АД14-4Р-32А-1шт, Модульный контактор КМ20-20 AC/DC 20А-1шт. ЩРВ-П-18 | E245: комп | F245: 1 | G245: 526425 | H245: =G245*F245 -> 526425
A246: 5. | B246: ТОБОРУД | D246: Канальный вентилятор ВКМ 100 | E246: шт | F246: 1 | G246: 795089.29 | H246: =G246*F246 -> 795089.29
A247: 6. | B247: ТОБОРУД | D247: Регулятор скорости РС-1-300 | E247: шт | F247: 1 | G247: 318035.71 | H247: =G247*F247 -> 318035.71
D248: Итого по оборудованию | E248: СУМ | H248: =SUM(H242:H247) -> 9871603.9
B251: Составил:
B253: Проверил:
